 Dungeon Crawl Stone Soup version 0.21.1-1-g345015f (console) character file.

1816 fly the Fighter (level 9, -1/97 HPs)
             Began as an Ogre Berserker on May 11, 2018.
             Was a Priest of Trog.
             Slain by a black bear (12 damage)
             ... on level 6 of the Dungeon.
             The game lasted 00:10:10 (5602 turns).

fly the Fighter (Ogre Berserker)                    Turns: 5602, Time: 00:10:12

Health: -1/97      AC:  3    Str: 23    XL:     9   Next: 10%
Magic:  9/9        EV: 14    Int:  8    God:    Trog [***...]
Gold:   306        SH:  0    Dex: 14    Spells: 8/8 levels left

rFire    . . .     SeeInvis +   a - +0 spear
rCold    . . .     Gourm    .   (no shield)
rNeg     . . .     Faith    .   y - +0 animal skin
rPois    .         Spirit   .   (helmet restricted)
rElec    .         Reflect  .   (no cloak)
rCorr    .         Harm     .   (gloves unavailable)
MR       .....                  (boots unavailable)
Stlth    +.........             (no amulet)
HPRegen  0.26/turn              n - +3 ring of dexterity
MPRegen  0.11/turn              q - ring of see invisible

@: no status effects
A: large, unfitting armour, tough skin 1
a: Berserk, Trog's Hand, Burn Spellbooks, Renounce Religion


You were on level 6 of the Dungeon.
You worshipped Trog.
Trog was most pleased with you.
You were not hungry.

You visited 2 branches of the dungeon, and saw 7 of its levels.
You also visited: Sewer.

You collected 306 gold pieces.

Inventory:

Hand Weapons
 a - a +0 spear (weapon)
 b - a +0 quarterstaff of protection
 w - a +0 blowgun
Armour
 y - a +0 animal skin (worn)
Jewellery
 n - a +3 ring of dexterity (left hand)
 o - an uncursed ring of ice
 p - an uncursed ring of resist corrosion
 q - a ring of see invisible (right hand)
Wands
 z - a wand of disintegration (13)
Scrolls
 d - a scroll of blinking {unknown}
 f - a scroll of amnesia {unknown}
 g - a scroll of noise {unknown}
 i - 2 scrolls of enchant armour {unknown}
 j - 5 scrolls of teleportation
 s - a scroll of fear {unknown}
 t - a scroll of immolation {unknown}
 x - a scroll of brand weapon {unknown}
Potions
 e - a potion of lignification {unknown}
 h - a potion of heal wounds
 k - 5 potions of curing
 l - 2 potions of magic
 m - 2 potions of brilliance
 r - 2 potions of might {unknown}
 u - a potion of invisibility {unknown}
 v - 2 potions of mutation {unknown}
Comestibles
 c - 9 rations


   Skills:
 + Level 8.5 Fighting
 - Level 6.0 Polearms
 * Level 8.2 Dodging


You had 8 spell levels left.
You didn't know any spells.

Dungeon Overview and Level Annotations

Branches:
Dungeon (6/15)             Temple (1/1) D:5

Altars:
Ashenzari
Cheibriados
Dithmenos
Elyvilon
Fedhas
Gozag
Hepliaklqana
Kikubaaqudgha
Makhleb
Okawaru
Qazlal
Ru
Sif Muna
Trog
Uskayaw
Vehumet
Wu Jian
Yredelemnul
Zin
The Shining One


Innate Abilities, Weirdness & Mutations

You are too large for most types of armour.
You have tough skin. (AC +1)


Message History

* * * LOW HITPOINT WARNING * * *
You barely miss the black bear.
The black bear is almost dead.
The black bear closely misses you. x2; The black bear claws you.
* * * LOW HITPOINT WARNING * * *
Unknown command.
You barely miss the black bear.
The black bear is almost dead.
The black bear bites you!
* * * LOW HITPOINT WARNING * * *
The black bear misses you. The black bear barely misses you.
Unknown command.
You feel much better. The black bear bites you.
* * * LOW HITPOINT WARNING * * *
The black bear claws you.
* * * LOW HITPOINT WARNING * * *
The black bear claws you.
* * * LOW HITPOINT WARNING * * *
The black bear bites you!
You die...

### #.# #.#########
#.........# #.#######.#
####### #.##......#
###.....#####.##@######
..............##h#
..........>....†.# ###
._...............# #.#
.PP........).....# #.#
.....#+#.>.......# #.#
.....#...........###.#
.... #.#.............#
.... #..........####.#


You could see a black bear (berserk).

Vanquished Creatures
  The ghost of Tiareth the Magician, an amateur FoWr of Cheibriados (D:4)
  A vampire (D:6)
  Menkaure (D:5)
  The ghost of Zebulonius the Firebug, an amateur DEFE (D:3)
  A black bear (D:6)
  An ice beast (D:2)
  A phantom (D:4)
  3 ogres
  3 scorpions
  3 crimson imps
  2 hounds
  An orc priest (D:4)
  3 iguanas
  An orc wizard (D:4)
  2 worker ants (D:5)
  A statue (D:4)
  A hound skeleton (D:5)
  11 adders
  A shadow imp (D:5)
  3 worms (D:3)
  An adder skeleton (D:4)
  6 leopard geckos
  7 orcs
  4 ball pythons (Sewer)
  8 giant cockroaches
  5 goblins
  9 hobgoblins
  5 jackals (Sewer)
  10 kobolds
  A quokka (D:2)
  6 bats
  5 frilled lizards
  A quokka skeleton (D:4)
  A quokka zombie (D:5)
  5 rats
  A plant (Sewer)
117 creatures vanquished.

Notes
Turn   | Place    | Note
-------+----------+-------------------------------------------
     0 | D:1      | fly the Ogre Berserker began the quest for the Orb.
     0 | D:1      | Reached XP level 1. HP: 24/24 MP: 1/1
   188 | D:1      | Reached XP level 2. HP: 21/32 MP: 2/2
   903 | D:2      | Reached XP level 3. HP: 30/40 MP: 3/3
  1052 | D:2      | Found an ancient bone altar of Kikubaaqudgha.
  1064 | D:2      | Found a transporter.
  1068 | D:2      | Noticed an ice beast
  1072 | D:2      | Found a transporter.
  1138 | D:2      | Reached ** piety under Trog
  1256 | D:2      | Noticed a hand axe
  1256 | D:2      | Noticed a dagger
  1257 | D:2      | Found a hide-covered altar of Uskayaw.
  1374 | D:2      | Killed an ice beast
  1374 | D:2      | Reached skill level 5 in Fighting
  1374 | D:2      | Reached XP level 4. HP: 50/50 MP: 4/4
  1374 | D:2      | Reached XP level 5. HP: 57/57 MP: 5/5
  1589 | D:3      | Found an iron altar of Okawaru.
  1700 | D:3      | Reached XP level 6. HP: 66/66 MP: 6/6
  1833 | D:3      | Noticed Zebulonius's ghost (amateur DEFE)
  1842 | D:3      | Killed Zebulonius's ghost
  1842 | D:3      | Reached skill level 5 in Dodging
  2445 | D:4      | Found a glowing drain.
  2506 | Sewer    | Entered a sewer
  2885 | Sewer    | Reached XP level 7. HP: 75/75 MP: 7/7
  2886 | Sewer    | Reached *** piety under Trog
  3428 | D:4      | Found a radiant altar of Vehumet.
  3484 | D:4      | Found a shadowy altar of Dithmenos.
  3485 | D:4      | Noticed Tiareth's ghost (amateur FoWr)
  3511 | D:4      | Killed Tiareth's ghost
  3511 | D:4      | Reached skill level 5 in Polearms
  4033 | D:4      | Reached XP level 8. HP: 81/84 MP: 8/8
  4166 | D:5      | Entered Level 5 of the Dungeon
  4643 | D:5      | Found a shattered altar of Ashenzari.
  5003 | D:5      | Noticed Menkaure
  5008 | D:5      | Killed Menkaure
  5200 | D:5      | Found a staircase to the Ecumenical Temple.
  5209 | Temple   | Entered the Ecumenical Temple
  5339 | D:6      | Noticed a vampire
  5374 | D:6      | Killed a vampire
  5374 | D:6      | Reached XP level 9. HP: 97/97 MP: 9/9
  5560 | D:6      | Found a bloodstained altar of Trog.
  5580 | D:6      | Received a gift from Trog
  5601 | D:6      | HP: 2/97 [black bear (12)]
  5602 | D:6      | Slain by a black bear

Skill      XL: |  1  2  3  4  5  6  7  8  9 |
---------------+----------------------------+-----
Dodging        | 3 4 5 6 7 8 |  8.2
Fighting       | 5 6 8 |  8.5
Polearms       | 4 6 |  6.0

Action                   |  1- 3 |  4- 6 |  7- 9 || total
-------------------------+-------+-------+-------++-------
Melee: Spear             |   109 |   225 |   279 ||   613
       Unarmed           |     1 |       |       ||     1
       Quarterstaff      |       |       |    12 ||    12
Invok: Berserk           |     2 |     5 |     9 ||    16
  Use: Scroll            |     3 |     3 |     3 ||     9
       Potion            |       |       |     2 ||     2
 Stab: Sleeping          |       |     4 |       ||     4
       Distracted        |       |       |     2 ||     2
  Eat: Chunk             |     2 |    10 |    15 ||    27
       Ration            |       |       |     1 ||     1
Armor: Animal skin       |    27 |    42 |    49 ||   118
Dodge: Dodged            |    57 |   111 |   153 ||   321
